 Dungeon Crawl Stone Soup version 0.31.0-9-g3a7656b989 (webtiles) character file.

Game seed: 5633084774912202542

900 qw the Skirmisher (level 7, -1/35 HPs)
             Began as a Spriggan Hunter on Feb 2, 2024.
             Killed from afar by a white imp (11 damage)
             ... with a puff of frost
             ... on level 5 of the Dungeon.
             The game lasted 00:00:14 (3709 turns).

qw the Skirmisher (Spriggan Hunter)                 Turns: 3709, Time: 00:00:15

Health: -1/35      AC:  3    Str:  7    XL:     7   Next: 79%
Magic:  8/8        EV: 22    Int: 11    God:
Gold:   157        SH:  0    Dex: 20    Spells: 6/6 levels left

rFire   . . .        a - +0 shortbow
rCold   . . .        (shield currently unavailable)
rNeg    . . .        c - +0 robe
rPois   +            (helmet restricted)
rElec   .            f - +0 cloak
rCorr   .            (gloves unavailable)
SInv    +            (boots unavailable)
Will    +....        (no amulet)
Stlth   ++           h - ring of poison resistance
HPRegen 0.25/turn    (no ring)
MPRegen 0.11/turn

%: no passive effects
@: very quick
A: very small, no large weapons, unfitting armour, see invisible, speed 3
a: no special abilities


You were on level 5 of the Dungeon.
You visited 1 branch of the dungeon, and saw 5 of its levels.

You collected 157 gold pieces.


Innate Abilities, Weirdness & Mutations

You are very small and have problems with some larger weapons.
You are too small for most types of armour.
You have supernaturally acute eyesight. (SInv)
You cover ground extremely quickly. (Speed+++)


   Skills:
 + Level 2.3 Fighting
 - Level 8.1 Ranged Weapons
 - Level 7.1 Dodging
 - Level 1.5 Stealth


You had 6 spell levels left.
You didn't know any spells.
Your spell library was empty.

Inventory:

Hand Weapons
 a - a +0 shortbow (weapon)
Armour
 c - a +0 robe (worn)
 f - a +0 cloak (worn)
Jewellery
 b - a ring of fire
 h - a ring of poison resistance (left hand)
Wands
 j - a wand of light (7)
Scrolls
 i - 3 scrolls of teleportation
 p - a scroll of identify
Potions
 d - 2 potions of might {unknown}
 e - a potion of enlightenment
 g - a potion of curing
 k - a potion of cancellation {unknown}
 l - a potion of invisibility {unknown}
 m - a potion of magic {unknown}
 n - 2 potions of mutation {unknown}
 o - a potion of haste {unknown}

Dungeon Overview and Level Annotations

Branches:
Dungeon (5/15)
 Temple: D:4-7

Altars:
Qazlal

Shops:
D:2 *


Message History

A phantom comes into view.
You shoot an arrow. The arrow barely misses the hound.
The hound completely misses you. The hound barely misses you.
You shoot an arrow. The arrow closely misses the hound.
The hound barely misses you. The white imp puffs mist at you.
The white imp gestures at you. The puff of frost hits you.
You shoot an arrow.
The arrow hits the hound but does no damage.
The hound is heavily wounded.
The hound completely misses you. The hound barely misses you.
The orc misses you.
You shoot an arrow. The arrow closely misses the hound.
The hound completely misses you. The orc closely misses you.
The white imp gestures at you. The puff of frost hits you!
You shoot an arrow. The arrow hits the hound.
The hound is almost dead.
The hound completely misses you. The hound misses you.
The orc completely misses you.
You shoot an arrow. The arrow closely misses the hound.
The hound barely misses you. The white imp completely misses you.
The phantom completely misses you. The orc completely misses you.
You shoot an arrow. The arrow closely misses the hound.
The hound barely misses you. The hound completely misses you.
The phantom hits you. The orc completely misses you. The white imp misses you.
You shoot an arrow. The arrow barely misses the hound.
The hound bites you.
You shoot an arrow.
The arrow hits the hound but does no damage.
The hound is almost dead.
The hound bites you but does no damage. The phantom hits you.
The white imp gestures at you. The puff of frost hits you!
The orc barely misses you. The hound barely misses you.
You shoot an arrow. The arrow completely misses the hound.
The white imp gestures at you. The puff of frost hits you!
You die...

......##....#.....
....#. #..........##....
......#..##........#....
....>.. #.......###)..
....... ##.......##...
....... #........#...
.....$. ###.....##.....
......h###.......#...%).
.....o5@........##......
.....oW.##..............
.....o#####......##.....
#...o. #.............
..... ####..........
..... #......... ....
......... .... ....#...
...#####


You could see a phantom, a hound, a white imp and 4 orcs.

Vanquished Creatures
  Sigmund (D:2)
  A water moccasin (D:5)
  An ogre (D:5)
  2 scorpions (D:5)
  A howler monkey (D:4)
  4 hounds
  A jelly (D:4)
  Jessica (D:2)
  3 orc wizards
  A sleepcap (D:5)
  3 adders
  4 dart slugs
  2 ribbon worms
  8 orcs
  2 ball pythons
  5 bats
  6 endoplasms
  2 giant cockroaches (D:1)
  13 hobgoblins
  6 jackals (D:3)
  3 quokkas
  3 frilled lizards
  2 goblins
  8 kobolds
  5 rats
88 creatures vanquished.

Notes
Turn   | Place    | Note
-------+----------+-------------------------------------------
     0 | D:1      | qw the Spriggan Hunter began the quest for the Orb.
     0 | D:1      | Reached XP level 1. HP: 10/10 MP: 2/2
     0 | D:1      | 0 ||| qw: Version: 0.3-a-155-g5e7d8dd
     0 | D:1      | 0 ||| qw: Game counter: 2368
     0 | D:1      | 0 ||| qw: Melee chars always use a shield: true
     0 | D:1      | 0 ||| qw: God list: Okawaru
     0 | D:1      | 0 ||| qw: Allow faded altars: false
     0 | D:1      | 0 ||| qw: Do Orc after clearing Dungeon:15 true
     0 | D:1      | 0 ||| qw: Do second Lair branch before Depths: true
     0 | D:1      | 0 ||| qw: Lair rune preference: random
     0 | D:1      | 0 ||| qw: Goals: Normal
     0 | D:1      | 0 ||| PLANNING D:1-11
    20 | D:1      | Reached skill level 3 in Dodging
    54 | D:1      | Reached XP level 2. HP: 14/14 MP: 3/3
   729 | D:1      | 729 ||| DROPPING ring of flight.
   730 | D:1      | 730 ||| READING scroll labelled NOQEAT XUKKILA.
   731 | D:1      | 731 ||| READING scroll labelled BUSORCH HUDIV.
   832 | D:1      | 832 ||| READING scroll labelled OTHACZ GEBROLI.
   833 | D:1      | 833 ||| READING scroll labelled XAERCH ZUMANU.
   833 | D:1      | 833 ||| IDENTIFYING silvery potion
   834 | D:1      | 834 ||| READING scroll labelled LUENLE BA ZUOGH.
   834 | D:1      | 834 ||| ENCHANTING +0 shortbow.
   835 | D:1      | 835 ||| DRINKING 3 bubbling brown potions.
   836 | D:1      | 836 ||| DROPPING scroll of butterflies.
   837 | D:1      | 837 ||| DROPPING potion of degeneration.
   868 | D:2      | Found Siedwuw's Assorted Antiques.
   869 | D:2      | 869 ||| STAIRDANCE
   874 | D:2      | Noticed Sigmund
   875 | D:2      | 875 ||| STAIRDANCE
   884 | D:1      | Reached XP level 3. HP: 16/18 MP: 4/4
   893 | D:2      | 893 ||| STAIRDANCE
   895 | D:2      | 895 ||| STAIRDANCE
   897 | D:1      | 897 ||| DRINKING 2 potions of curing.
   897 | D:1      | 897 ||| (to cure confusion)
   926 | D:2      | Killed Sigmund
   927 | D:2      | Reached skill level 6 in Ranged Weapons
   927 | D:2      | Reached XP level 4. HP: 22/22 MP: 5/5
   927 | D:2      | Reached XP level 5. HP: 25/25 MP: 6/6
   928 | D:2      | 928 ||| SHOPLISTING bubbling red potion (23 gold, have 12).
   928 | D:2      | 928 ||| SHOPLISTING coppery potion (23 gold, have 12).
   928 | D:2      | 928 ||| SHOPLISTING dazzling quicksilver dragon scales
                  | (1690 gold, have 12).
   928 | D:2      | 928 ||| SHOPLISTING metallic white potion (23 gold, have
                  | 12).
   928 | D:2      | 928 ||| SHOPLISTING scroll labelled TARGHY YRAM (26 gold,
                  | have 12).
   991 | D:2      | Noticed Jessica
   995 | D:2      | Killed Jessica
  1162 | D:2      | Found a faded altar of an unknown god.
  1610 | D:2      | 1610 ||| UPGRADING to +0 cloak.
  1615 | D:2      | 1615 ||| READING 2 scrolls of identify.
  1615 | D:2      | 1615 ||| IDENTIFYING viscous inky potion
  1616 | D:2      | 1616 ||| READING scroll of identify.
  1616 | D:2      | 1616 ||| IDENTIFYING white potion
  1617 | D:2      | 1617 ||| READING scroll labelled MIERIHEUTZ.
  1618 | D:2      | 1618 ||| READING scroll labelled TARGHY YRAM.
  1623 | D:2      | 1623 ||| DROPPING potion of attraction.
  1794 | D:3      | Reached XP level 6. HP: 30/30 MP: 7/7
  2252 | D:3      | 2252 ||| UPGRADING to ring of poison resistance.
  2253 | D:3      | 2253 ||| READING 2 scrolls labelled MEYKINKYUP.
  2354 | D:3      | 2354 ||| DROPPING scroll of vulnerability.
  2479 | D:4      | Found a stormy altar of Qazlal.
  2595 | D:4      | Reached skill level 6 in Dodging
  2673 | D:4      | Identified the +0 barding of the Hot Ocelot {rPois Will+
                  | Int+3}
  3361 | D:4      | 3361 ||| READING scroll labelled ULUUTZUSUING.
  3362 | D:4      | 3362 ||| READING scroll labelled WEWECO SIOH.
  3363 | D:4      | 3363 ||| DRINKING 2 lumpy orange potions.
  3364 | D:4      | 3364 ||| FLEEEEING.
  3365 | D:4      | 3365 ||| FLEEEEING.
  3366 | D:4      | 3366 ||| FLEEEEING.
  3367 | D:4      | 3367 ||| FLEEEEING.
  3368 | D:4      | 3368 ||| FLEEEEING.
  3369 | D:4      | 3369 ||| FLEEEEING.
  3370 | D:4      | 3370 ||| FLEEEEING.
  3371 | D:4      | 3371 ||| FLEEEEING.
  3372 | D:4      | 3372 ||| FLEEEEING.
  3373 | D:4      | 3373 ||| FLEEEEING.
  3374 | D:4      | 3374 ||| FLEEEEING.
  3375 | D:4      | 3375 ||| FLEEEEING.
  3376 | D:4      | 3376 ||| FLEEEEING.
  3377 | D:4      | 3377 ||| FLEEEEING.
  3378 | D:4      | 3378 ||| FLEEEEING.
  3379 | D:4      | 3379 ||| FLEEEEING.
  3380 | D:4      | 3380 ||| FLEEEEING.
  3381 | D:4      | 3381 ||| FLEEEEING.
  3382 | D:4      | 3382 ||| FLEEEEING.
  3383 | D:4      | 3383 ||| FLEEEEING.
  3384 | D:4      | 3384 ||| FLEEEEING.
  3385 | D:4      | 3385 ||| FLEEEEING.
  3386 | D:4      | 3386 ||| FLEEEEING.
  3387 | D:4      | 3387 ||| FLEEEEING.
  3388 | D:4      | 3388 ||| FLEEEEING.
  3389 | D:4      | 3389 ||| FLEEEEING.
  3390 | D:4      | 3390 ||| FLEEEEING.
  3391 | D:4      | 3391 ||| FLEEEEING.
  3392 | D:4      | 3392 ||| FLEEEEING.
  3393 | D:4      | 3393 ||| FLEEEEING.
  3394 | D:4      | 3394 ||| FLEEEEING.
  3395 | D:4      | 3395 ||| FLEEEEING.
  3396 | D:4      | 3396 ||| FLEEEEING.
  3397 | D:4      | 3397 ||| FLEEEEING.
  3398 | D:4      | 3398 ||| FLEEEEING.
  3399 | D:4      | 3399 ||| FLEEEEING.
  3400 | D:4      | 3400 ||| FLEEEEING.
  3401 | D:4      | 3401 ||| FLEEEEING.
  3402 | D:4      | 3402 ||| FLEEEEING.
  3403 | D:4      | 3403 ||| FLEEEEING.
  3404 | D:4      | 3404 ||| FLEEEEING.
  3405 | D:4      | 3405 ||| FLEEEEING.
  3406 | D:4      | 3406 ||| FLEEEEING.
  3407 | D:4      | 3407 ||| FLEEEEING.
  3408 | D:4      | 3408 ||| FLEEEEING.
  3409 | D:4      | 3409 ||| FLEEEEING.
  3410 | D:4      | 3410 ||| DROPPING potion of berserk rage.
  3426 | D:5      | Entered Level 5 of the Dungeon
  3449 | D:5      | Noticed a water moccasin
  3451 | D:5      | 3451 ||| ZAPPING wand of light (10) at 4,-1 (water
                  | moccasin; deep_water).
  3452 | D:5      | 3452 ||| ZAPPING wand of light (9) at 2,0 (water moccasin;
                  | floor).
  3453 | D:5      | 3453 ||| ZAPPING wand of light (8) at 1,0 (water moccasin;
                  | floor).
  3453 | D:5      | Killed a water moccasin
  3454 | D:5      | Reached skill level 7 in Ranged Weapons
  3454 | D:5      | Reached XP level 7. HP: 32/35 MP: 8/8
  3477 | D:5      | 3477 ||| FLEEEEING.
  3579 | D:5      | Reached skill level 8 in Ranged Weapons
  3709 | D:5      | Killed from afar by a white imp

Levels and vault maps discovered:
D:1:      onia_arrival_pentagram, layout_basic
D:2:      minmay_wonky_spiral, layout_basic, serial_shops, shop,
          shapermc_ecumenical_altar_flowoftime, uniq_jessica, uniq_sigmund
D:3:      layout_loops_ring
D:4:      layout_basic, nicolae_qazlal_eye_of_the_storm, dk_noncrumbling_4,
          minmay_crystal_water
D:5:      layout_cave_pools, mainiacjoe_overflow_brackets

Skill      XL: |  1  2  3  4  5  6  7 |
---------------+----------------------+-----
Dodging        | 3 4 5 6 7 |  7.1
Ranged Weapons | 6 7 8 |  8.1
Fighting       | 2 |  2.3
Stealth        | |  1.5

Action                     |  1- 3 |  4- 6 |  7- 9 || total
---------------------------+-------+-------+-------++-------
   Fire: Shortbow          |    62 |   156 |    66 ||   284
  Evoke: Wand              |       |     3 |       ||     3
    Use: Scroll            |     5 |     7 |       ||    12
         Potion            |     2 |     1 |       ||     3
 Armour: Robe              |     5 |    17 |    16 ||    38
  Dodge: Dodged            |    32 |    53 |    36 ||   121

Table legend:
 A = Non-vault XP
 B = Vault XP
 C = Vault XP percentage of total XP
 D = Non-vault monster count
 E = Vault monster count
 F = Vault count percentage of total count
                 A         B        C        D         E       F
            +---------+---------+-------+---------+---------+-------
      Total |    1019 |     268 |  20.8 |      82 |       6 |   6.8
            +---------+---------+-------+---------+---------+-------
        D:1 |      41 |       0 |   0.0 |      22 |       0 |   0.0
        D:2 |      34 |     268 |  88.7 |      14 |       6 |  30.0
        D:3 |      62 |       0 |   0.0 |      20 |       0 |   0.0
        D:4 |     242 |       0 |   0.0 |      14 |       0 |   0.0
        D:5 |     640 |       0 |   0.0 |      12 |       0 |   0.0
            +---------+---------+-------+---------+---------+-------
